 Dungeon Crawl Stone Soup version 0.24-a0-108-g011bc4b (webtiles) character file.

Game seed: 12956918470993192702

15 galech the Skirmisher (level 2, 0/24 HPs)
             Began as a Demonspawn Fighter on Feb 14, 2019.
             Succumbed to an adder's poison
             ... on level 2 of the Dungeon.
             The game lasted 00:01:04 (681 turns).

galech the Skirmisher (Demonspawn Fighter)           Turns: 681, Time: 00:01:05

Health: 0/24       AC: 10    Str: 16    XL:     2   Next: 34%
Magic:  2/2        EV:  4    Int: 15    God:
Gold:   59         SH:  8    Dex: 12    Spells: 1/1 levels left

rFire    . . .     SeeInvis .   a - +0 war axe
rCold    . . .     Gourm    .   c - +0 shield
rNeg     . . .     Faith    .   k - +0 chain mail
rPois    .         Spirit   .   h - +0 helmet
rElec    .         Reflect  .   (no cloak)
rCorr    .         Harm     .   (no gloves)
MR       .....                  (no boots)
Stlth    ..........             (no amulet)
HPRegen  0.08/turn              j - +6 ring of intelligence
MPRegen  0.08/turn              (no ring)

@: lethally poisoned (0 -> -6)
A: powered by death 1
a: no special abilities


You were on level 2 of the Dungeon.
You were not hungry.

You visited 1 branch of the dungeon, and saw 2 of its levels.

You collected 59 gold pieces.

Inventory:

Hand Weapons
 a - a +0 war axe (weapon)
Armour
 c - a +0 shield (worn)
 h - a +0 helmet (worn)
 k - a +0 chain mail (worn)
Jewellery
 j - a +6 ring of intelligence (left hand)
Scrolls
 b - 2 scrolls of enchant armour {unknown}
 g - 4 scrolls of remove curse {unknown}
 l - a scroll of amnesia {unknown}
 m - a scroll of identify {unknown}
Potions
 d - a potion of might
 e - a potion of cancellation {unknown}
Comestibles
 f - 3 rations


   Skills:
 + Level 3.1 Fighting
 + Level 1.9 Axes
 + Level 3.0 Armour
 + Level 2.9 Shields


You had one spell level left.
You didn't know any spells.
Your spell library was empty.

Dungeon Overview and Level Annotations

Branches:
Dungeon (2/15)

Altars:


Innate Abilities, Weirdness & Mutations

You regenerate a little health from kills.


Message History

The adder is heavily wounded.
* * * LOW HITPOINT WARNING * * *
You feel sick. The adder bites you.
* * * LOW HITPOINT WARNING * * *
The adder completely misses you.
You miss the adder.
The adder is heavily wounded.
* * * LOW HITPOINT WARNING * * *
You feel sick.
The adder bites you but does no damage. x2
You completely miss the adder.
The adder is heavily wounded.
* * * LOW HITPOINT WARNING * * *
You feel sick. You block the adder's attack. The adder bites you.
* * * LOW HITPOINT WARNING * * *
You closely miss the adder.
The adder is heavily wounded.
You block the adder's attack. The adder bites you but does no damage.
You hit the adder.
The adder is heavily wounded.
You die...

#.........####....
#......<## #
##.....## ##...##
##'## ###.# #...#
.####...###
.....%.@S.#
.##...!........
#.......#####
###...### #...#
###.# #.# #.#


You could see an adder.

Vanquished Creatures
  4 bats
  A giant cockroach (D:1)
  A hobgoblin (D:1)
  A frilled lizard (D:1)
  2 goblins (D:1)
  3 kobolds (D:1)
  2 rats
14 creatures vanquished.

Notes
Turn   | Place    | Note
-------+----------+-------------------------------------------
     0 | D:1      | galech the Demonspawn Fighter began the quest for the Orb.
     0 | D:1      | Reached XP level 1. HP: 18/18 MP: 1/1
   322 | D:1      | Gained mutation: You regenerate a little health from kills.
                  | [demonic ancestry]
   322 | D:1      | Reached XP level 2. HP: 19/24 MP: 2/2
   679 | D:2      | HP: 1/24 [adder (1)]
   681 | D:2      | Succumbed to an adder's poison

Levels and vault maps discovered:
D:1:      minmay_arrival_five_plusses, layout_loops_cross, minmay_circled_x
D:2:      layout_loops_corners, nemelex_xobeh_ov_fountains_minmay,
          grunt_dithmenos_smoke

Skill      XL: |  1  2 |
---------------+-------+-----
Armour         | 3 |  3.0
Fighting       | |  3.1
Axes           | |  1.9
Shields        | |  2.9

Action                   || total
-------------------------++-------
Melee: War axe           ||    56
Armor: Scale mail        ||    20
       Chain mail        ||    31
Dodge: Dodged            ||    22
Block: Shield            ||    38

Table legend:
 A = Non-vault XP
 B = Vault XP
 C = Vault XP percentage of total XP
 D = Non-vault monster count
 E = Vault monster count
 F = Vault count percentage of total count
                 A         B        C        D         E       F
            +---------+---------+-------+---------+---------+-------
      Total |      15 |       7 |  31.8 |      10 |       4 |  28.6
            +---------+---------+-------+---------+---------+-------
        D:1 |      12 |       7 |  36.8 |       8 |       4 |  33.3
        D:2 |       3 |       0 |   0.0 |       2 |       0 |   0.0
            +---------+---------+-------+---------+---------+-------
